 Dungeon Crawl Stone Soup version 0.29.1-1-gd02db6906a (webtiles) character file.

Game seed: 11710342479964504338

288 RascalDebosk the Magician (level 6, -6/45 HPs)
             Began as a Djinni Venom Mage on Oct 22, 2022.
             Mangled by nshep25's ghost (14 damage)
             ... on level 4 of the Dungeon.
             The game lasted 00:34:12 (5783 turns).

RascalDebosk the Magician (Djinni Venom Mage)       Turns: 5783, Time: 00:34:13

Health: -6/45      AC:  6    Str:  7    XL:     6   Next: 57%
Gold:   81         EV: 14    Int: 16    God:
                   SH:  0    Dex: 19

rFire   + + +      SeeInvis .   c - +1 short sword (venom)
rCold   x . .      Faith    .   (no shield)
rNeg    + + .      Spirit   .   a - +0 robe
rPois   ∞          Reflect  .   (no helmet)
rElec   .          Harm     .   (no cloak)
rCorr   .          Rampage  .   (no gloves)
Will    .....                   (boots unavailable)
Stlth   ++........              (no amulet)
HPRegen 0.15/turn               b - +6 ring of dexterity
MPRegen 0.00/turn               o - ring of Nipreh {rF++ rN++ AC+4 Int-3}

@: flying
A: sickness immunity, fire resistance 2, cold vulnerability 1, float, innate
caster, HP casting, extra vitality 1
a: no special abilities


You were on level 4 of the Dungeon.
You visited 1 branch of the dungeon, and saw 4 of its levels.

You collected 207 gold pieces.
You spent 126 gold pieces at shops.

Inventory:

Hand Weapons
 c - a +1 short sword of venom (weapon)
Missiles
 w - 2 throwing nets {@!f}
Armour
 a - a +0 robe (worn)
Magical Staves
 h - a staff of earth
Jewellery
 b - a +6 ring of dexterity (left hand)
 k - a ring of see invisible
 o - the ring of Nipreh (right hand) {rF++ rN++ AC+4 Int-3}
   (You found it on level 3 of the Dungeon)

   [ring of protection]

   AC:        It affects your AC (+4).
   Int:       It affects your intelligence (-3).
   rF:        It greatly protects you from fire.
   rN:        It greatly protects you from negative energy.
Wands
 l - a wand of roots (9)
Scrolls
 e - a scroll of enchant weapon {unknown}
 f - 4 scrolls of identify {unknown}
 i - a scroll of fear {unknown}
 n - 3 scrolls of enchant armour {unknown}
 r - a scroll of teleportation {unknown}
 t - a scroll of torment {unknown}
 u - a scroll of amnesia {unknown}
Potions
 d - 3 potions of attraction
 g - 5 potions of brilliance {unknown}
 j - a potion of magic {unknown}
 m - a potion of haste {unknown}
 p - a potion of lignification
 q - 2 potions of curing
 s - a potion of degeneration {unknown}
 v - a potion of heal wounds {unknown}
 x - a potion of mutation {unknown}


   Skills:
 + Level 2.8 Fighting
 + Level 3.6 Dodging
 - Level 1.5 Stealth
 * Level 4.2 Spellcasting


You couldn't memorise any spells.
You knew the following spells:

 Your Spells              Type           Power      Damage    Failure   Level
a - Sting                 Tmut/Pois      68%        1d6       3%          1
b - Poisonous Vapours     Pois/Air       34%        N/A       4%          2
c - Mephitic Cloud        Conj/Pois/Air  17%        N/A       9%          3
d - Olgreb's Toxic Radia  Pois           17%        N/A       28%         4
e - Magic Dart            Conj           68%        1d6       3%          1
f - Static Discharge      Conj/Air       17%        3-6/arc   4%          2
Your spell library was empty.

Dungeon Overview and Level Annotations

Branches:
Dungeon (4/15)
 Temple: D:4-7

Altars:
Gozag
Qazlal

Shops:
D:3 !

Annotations:
D:4 nshep25's ghost, novice MiFi


Innate Abilities, Weirdness & Mutations

You are immune to sickness and miasma.
You are immune to poison.
Your flesh is very heat resistant. (rF++)
You are vulnerable to cold. (rC-)
You float through the air rather than walking.
You learn spells naturally, not from books.
Your magical power is your life essence.
You have superior vitality. (+4 MHP)


Message History

Aim: an orc wizard, wielding a +0 dagger and wearing a +0 robe (lightly wounded, poisoned) Poisonous vapours surround the orc wizard!
The orc wizard looks even sicker.
Casting: Poisonous Vapours (safe; 4% risk of failure)
Confirm with . or Enter, or press ? or * to list all spells.
Aiming: Poisonous Vapours (safe; 4% risk of failure)
Press: ? - help, Dir - move target, f/p - orc wizard
Aim: an orc wizard, wielding a +0 dagger and wearing a +0 robe (moderately wounded, very poisoned) Poisonous vapours surround the orc wizard!
The orc wizard looks even sicker.
Casting: Poisonous Vapours (safe; 4% risk of failure)
Confirm with . or Enter, or press ? or * to list all spells.
Aiming: Poisonous Vapours (safe; 4% risk of failure)
Press: ? - help, Dir - move target, f/p - orc wizard
Aim: an orc wizard, wielding a +0 dagger and wearing a +0 robe (heavily wounded, very poisoned) Poisonous vapours surround the orc wizard!
The orc wizard looks as sick as possible!
Casting: Poisonous Vapours (safe; 4% risk of failure)
Confirm with . or Enter, or press ? or * to list all spells.
Aiming: Sting (safe; 3% risk of failure)
Press: ? - help, Shift-Dir - straight line, f/p - orc wizard
Aim: an orc wizard, wielding a +0 dagger and wearing a +0 robe (severely wounded, extremely poisoned, 67% to hit)
The sting hits the orc wizard.
The orc wizard looks as sick as possible!
The orc wizard is severely wounded.
You kill the orc wizard!
w - 2 throwing nets {@!f};
x - a cyan potion
Things that are here:
a +0 club; a +0 ring mail
Found 4 stones.
Found a book of Armaments.
Found 5 large rocks and 2 stones.
Found a runed translucent gate.
Found a scale mail, 2 stones and 7 large rocks.
Press: ? - help, . - travel You can't see that place. [a stone wall.] Nshep25's ghost turns its malevolent gaze towards you.
You reach down and open the gate.
Aiming: Magic Dart (safe; 3% risk of failure)
Press: ? - help, Q - select action, (/) - cycle Shift-Dir - straight line, f - nshep25's ghost
Aim: nshep25's ghost (100% to hit)
The magic dart hits nshep25's ghost.
Nshep25's ghost is lightly damaged.
Nshep25's ghost keens inconsolably.
Aiming: Magic Dart (safe; 3% risk of failure)
Press: ? - help, Q - select action, (/) - cycle Shift-Dir - straight line, f/p - nshep25's ghost
Aim: nshep25's ghost (lightly damaged, 100% to hit)
The magic dart hits nshep25's ghost but does no damage.
Nshep25's ghost is lightly damaged.
Casting: Magic Dart (safe; 3% risk of failure)
Confirm with . or Enter, or press ? or * to list all spells.
Nshep25's ghost is struck by an arc of lightning.
Nshep25's ghost is lightly damaged.
You are struck by an arc of lightning.
Nshep25's ghost is struck by an arc of lightning.
Nshep25's ghost is moderately damaged.
The lightning grounds out.
Nshep25's ghost hits you!
Casting: Static Discharge (safe; 4% risk of failure)
Confirm with . or Enter, or press ? or * to list all spells.
Nshep25's ghost is struck by an arc of lightning.
Nshep25's ghost is moderately damaged.
You are struck by an arc of lightning.
Nshep25's ghost is struck by an arc of lightning.
Nshep25's ghost is heavily damaged.
The lightning grounds out.
Nshep25's ghost hits you but does no damage.
Casting: Static Discharge (safe; 4% risk of failure)
Confirm with . or Enter, or press ? or * to list all spells.
Nshep25's ghost is struck by an arc of lightning.
Nshep25's ghost is heavily damaged.
You are struck by an arc of lightning.
Nshep25's ghost is struck by an arc of lightning!
Nshep25's ghost is severely damaged.
You are struck by an arc of lightning.
* * * LOW HITPOINT WARNING * * *
The lightning grounds out.
* * * LOW HITPOINT WARNING * * *
Nshep25's ghost closely misses you.
Casting: Static Discharge (safe; 4% risk of failure)
Confirm with . or Enter, or press ? or * to list all spells.
Nshep25's ghost is struck by an arc of lightning.
Nshep25's ghost is severely damaged.
You are struck by an arc of lightning.
* * * LOW HITPOINT WARNING * * *
Nshep25's ghost is struck by an arc of lightning.
Nshep25's ghost is severely damaged.
The lightning grounds out.
* * * LOW HITPOINT WARNING * * *
Nshep25's ghost hits you.
* * * LOW HITPOINT WARNING * * *
Casting: Static Discharge (safe; 4% risk of failure)
Confirm with . or Enter, or press ? or * to list all spells.
Nshep25's ghost is struck by an arc of lightning.
Nshep25's ghost is almost destroyed.
You are struck by an arc of lightning.
* * * LOW HITPOINT WARNING * * *
The lightning grounds out.
* * * LOW HITPOINT WARNING * * *
Nshep25's ghost hits you!
You die...

....## #.:# #....##
##...# .....#
############ #..##
.....## ###.=.(.8.#
#..# ......##
##.#((.....# #..#
.......## #..#....(..#
#.......###..#..(....#
##...........#$....([#
##..........###W''###..
##............@.......
#......##..........#..
#......###......####
##......# #......#
##.......# ##.....#
#...#....# #......#
....#.....# ##......##.
...... .#...#....#
.......... ......
###...................
......


You could see nshep25's ghost.

Vanquished Creatures
  A phantom (D:4)
  A jelly (D:4)
  An iguana (D:4)
  An orc wizard (D:4)
  5 adders
  2 dart slugs (D:3)
  3 orcs (D:4)
  7 ball pythons
  16 endoplasms
  3 giant cockroaches
  A goblin (D:4)
  9 hobgoblins
  6 quokkas
  9 bats
  2 frilled lizards
  8 kobolds
  3 rats
78 creatures vanquished.

Vanquished Creatures (others)
  A plant (D:1)
1 creature vanquished.

Grand Total: 79 creatures vanquished

Notes
Turn   | Place    | Note
-------+----------+-------------------------------------------
     0 | D:1      | RascalDebosk the Djinni Venom Mage began the quest for the
                  | Orb.
     0 | D:1      | RascalDebosk set off with the following spells memorised:
                  | Sting, Poisonous Vapours, Mephitic Cloud, Olgreb's Toxic
                  | Radiance.
     0 | D:1      | Reached XP level 1. HP: 15/15 MP: 0/0
   548 | D:1      | Reached XP level 2. HP: 12/22 MP: 0/0
   792 | D:1      | Found a faded altar of an unknown god.
  1089 | D:1      | Reached skill level 1 in Fighting
  1114 | D:1      | Reached XP level 3. HP: 20/27 MP: 0/0
  1114 | D:1      | Learned a level 1 spell: Magic Dart
  1443 | D:1      | Reached skill level 3 in Spellcasting
  2879 | D:2      | Reached XP level 4. HP: 22/32 MP: 0/0
  3124 | D:3      | Found an opulent altar of Gozag.
  3753 | D:3      | Identified the ring of Nipreh {rF++ rN++ AC+4 Int-3}
  3806 | D:3      | Found Suwaofux's Distillery.
  3813 | D:3      | Bought a potion of attraction for 42 gold pieces
  3813 | D:3      | Bought a potion of lignification for 42 gold pieces
  3813 | D:3      | Bought a potion of curing for 42 gold pieces
  4384 | D:4      | Reached XP level 5. HP: 20/38 MP: 0/0
  4384 | D:4      | Learned a level 2 spell: Static Discharge
  4622 | D:4      | Identified the +0 ring mail of Purpose {Fly Will+ Dex+2}
  4830 | D:4      | Found a stormy altar of Qazlal.
  5120 | D:4      | Noticed a phantom
  5132 | D:4      | Killed a phantom
  5133 | D:4      | Reached skill level 4 in Spellcasting
  5133 | D:4      | Reached XP level 6. HP: 20/45 MP: 0/0
  5770 | D:4      | Found a runed translucent gate.
  5770 | D:4      | Found a runed translucent gate.
  5770 | D:4      | Found a runed translucent gate.
  5771 | D:4      | Noticed nshep25's ghost (novice MiFi)
  5783 | D:4      | Mangled by nshep25's ghost

Illustrated notes

Levels and vault maps discovered:
D:1:      kilobyte_arrival_exit_the_forest, layout_loops_ring, serial_bayou,
          serial_bayou_pond_c, serial_bayou_pond_d, serial_bayou_shore_b,
          serial_bayou_shore_b, hellmonk_ecumenical_altar_crossroads
D:2:      layout_basic, nrook_loot_triangle, supply_closet_lemuel
D:3:      layout_loops_corners, mainiacjoe_overflow_paths, serial_shops, shop,
          minmay_fractal_squares_diagonal_5
D:4:      layout_layer_cave, grunt_qazlal_sundering, ebering_ghost_rock_garden

Skill      XL: |  1  2  3  4  5 |
---------------+----------------+-----
Fighting       | 1 2 |  2.8
Spellcasting   | 3 4 |  4.2
Dodging        | 3 |  3.6
Stealth        | |  1.5

Action                   |  1- 3 |  4- 6 || total
-------------------------+-------+-------++-------
Melee: Short sword       |    13 |     2 ||    15
 Cast: Sting             |    55 |     4 ||    59
       Poisonous Vapours |     9 |     5 ||    14
       Mephitic Cloud    |     5 |     2 ||     7
       Magic Dart        |       |   101 ||   101
       Olgreb's Toxic Ra |       |     3 ||     3
       Static Discharge  |       |     8 ||     8
 Stab: Confused          |     1 |       ||     1
Armor: Robe              |     9 |     3 ||    12
Dodge: Dodged            |    23 |    12 ||    35
